 Dungeon Crawl Stone Soup version 0.21.1-1-g345015f (webtiles) character file.

44371 prawnwizard the Severer (level 13, -7/183 HPs)
             Began as a Minotaur Berserker on July 13, 2018.
             Was the Champion of Trog.
             Mangled by a lindwurm (13 damage)
             ... on level 2 of the Lair of Beasts.
             The game lasted 00:30:02 (15339 turns).

prawnwizard the Severer (Minotaur Berserker)       Turns: 15339, Time: 00:30:02

Health: -7/183     AC: 17    Str: 34    XL:     13   Next: 95%
Magic:  4/4        EV: 17    Int:  7    God:    Trog [******]
Gold:   1837       SH:  0    Dex: 11    Spells: 12/12 levels left

rFire    . . .     SeeInvis +   J - +4 executioner's axe (antimagic)
rCold    . . .     Gourm    .   (shield currently unavailable)
rNeg     . . .     Faith    +   d - +4 ring mail of Fanaticism {Regen+ Str+3 SInv}
rPois    .         Spirit   .   M - +2 hat
rElec    .         Reflect  .   O - scarf {cloud immunity}
rCorr    .         Harm     .   k - +0 pair of gloves
MR       .....                  r - +0 pair of boots
Stlth    ..........             l - amulet of faith
HPRegen  0.80/turn              G - +3 ring of intelligence
MPRegen  0.09/turn              (no ring)

@: berserking, flying, very quick
A: retaliatory headbutt, horns 2
a: Berserk, Trog's Hand, Brothers in Arms, Burn Spellbooks, Renounce Religion


You were on level 2 of the Lair of Beasts.
You worshipped Trog.
Trog was exalted by your worship.
You were near starving.

You visited 3 branches of the dungeon, and saw 19 of its levels.
You also visited: Ossuary and Bailey.

You collected 1837 gold pieces.

Inventory:

Hand Weapons
 a - a +0 hand axe
 m - a +3 war axe of chopping
 J - a +4 antimagic executioner's axe (weapon)
 Q - a +0 fustibalus of freezing
 R - the +6 mace "Imaurrar" {crush, rElec rC++}
   (You found it in a bailey)

   It inflicts extra damage upon your enemies.
   It greatly protects you from cold.
   It insulates you from electricity.
 S - the +1 whip "Wugrob" {slash, Str+4}
   (You found it in a bailey)

   It inflicts extra damage upon your enemies.
   It affects your strength (+4).
Armour
 d - the +4 ring mail of Fanaticism (worn) {Regen+ Str+3 SInv}
   (You found it on level 7 of the Dungeon)

   It affects your strength (+3).
   It lets you see invisible.
   It increases your rate of regeneration.
 h - a +3 plate armour of magic resistance
 k - a +0 pair of gloves (worn)
 r - a +0 pair of boots (worn)
 M - a +2 hat (worn)
 O - a scarf of cloud immunity (worn)
Jewellery
 l - an amulet of faith (around neck)
 D - an uncursed ring of ice
 G - a +3 ring of intelligence (left hand)
Wands
 s - a wand of iceblast (15)
 t - a wand of acid (9)
 E - a wand of disintegration (16)
 P - a wand of digging (15)
 T - a wand of paralysis (28)
 X - a wand of flame (26)
Scrolls
 e - 5 scrolls of blinking
 f - a scroll of fear
 g - 14 scrolls of remove curse
 i - 6 scrolls of enchant armour
 u - 15 scrolls of identify
 x - 3 scrolls of magic mapping
 y - a scroll of enchant weapon
 B - 13 scrolls of teleportation
 C - a scroll of fog
 I - 2 scrolls of immolation
 N - a scroll of amnesia
 V - a scroll of silence {unknown}
 W - a scroll of holy word {unknown}
Potions
 b - 5 potions of lignification {unknown}
 j - 5 potions of heal wounds {unknown}
 n - 5 potions of flight
 o - 2 potions of berserk rage
 p - a potion of might {unknown}
 q - 3 potions of brilliance {unknown}
 v - 4 potions of ambrosia
 w - 6 potions of curing
 z - 3 potions of haste
 A - a potion of magic {unknown}
 H - a potion of invisibility {unknown}
 K - a potion of resistance {unknown}
 U - 2 potions of agility {unknown}
Books
 L - a book of Cantrips

   Spells                             Type                      Level
   a - Confusing Touch                Hexes                        1
   b - Animate Skeleton               Necromancy                   1
   c - Summon Small Mammal            Summoning                    1
   d - Apportation                    Translocation                1
   Trog disapproves of the use of such an item.
Miscellaneous
 F - a sack of spiders
Comestibles
 c - 31 rations


   Skills:
 + Level 13.3 Fighting
 * Level 17.6 Axes
 + Level 13.0 Armour
 + Level 12.0 Dodging


You had 12 spell levels left.
You didn't know any spells.

Dungeon Overview and Level Annotations

Branches:
Dungeon (15/15)            Temple (1/1) D:5            Lair (3/6) D:8
    Orc (0/2) D:11         Vaults (0/5) D:13
  Swamp: Lair:2-4    Shoals: Lair:2-4     Snake: Lair:2-4    Spider: Lair:2-4
 Depths: D:15

Altars:
Ashenzari
Cheibriados
Dithmenos
Elyvilon
Fedhas
Gozag
Hepliaklqana
Kikubaaqudgha
Makhleb
Nemelex Xobeh
Okawaru
Qazlal
Ru
Sif Muna
Trog
Uskayaw
Vehumet
Wu Jian
Xom
Yredelemnul
Zin
The Shining One


Innate Abilities, Weirdness & Mutations

You reflexively headbutt those who attack you in melee.
You have a pair of horns on your head.


Message History

The lindwurm is almost dead.
The lindwurm bites you.
* * * LOW HITPOINT WARNING * * *
The lindwurm barely misses you. The lindwurm misses you.
You barely miss the lindwurm.
You kill the lindwurm!
Trog accepts your kill.
You barely miss the lindwurm. You completely miss the lindwurm.
The lindwurm breathes flames at you. The blast of flame hits you!
* * * LOW HITPOINT WARNING * * *
You hit the lindwurm but do no damage.
You headbutt the lindwurm, but do no damage.
The lindwurm bites you but does no damage.
The lindwurm claws you but does no damage. x2
You slash the lindwurm! You headbutt the lindwurm!
The lindwurm is heavily wounded.
The lindwurm bites you!
You die...

.....≈≈≈≈§≈≈§§§§§≈§≈≈............
....§≈§§≈§§≈≈≈§≈≈≈≈§≈≈...........
....§§§§§§§....≈≈≈≈≈≈≈...........
...≈≈§§≈≈...##§..≈≈§≈§§..........
...≈≈≈§§≈..## #..≈≈§§§§..........
.#.≈≈§§≈..#.k #..≈≈≈§§§...#...#.
..≈≈§≈≈§.##$[ #§≈§§≈§≈.........
..≈≈§≈≈≈.##?: ##.§≈§≈§≈...P.....
.#.≈≈≈≈≈..#.!k.#@§≈§§§≈....P.....
.'.≈≈≈≈≈≈..####k.§≈≈§≈§..........
...≈≈≈≈≈≈..§##...≈≈≈≈≈§..........
....≈≈≈≈≈≈≈....≈≈≈≈≈§§§....P.....
.#..≈≈§≈≈≈≈≈§≈§§§§§≈≈≈.....#.....
.##..≈§≈≈§§≈≈≈≈§§≈≈≈≈.......P..##
....§§≈≈≈≈§≈≈≈≈≈§§§≈.............
.......≈≈≈≈≈≈≈≈≈≈§≈§.....>.......
.........≈≈§§≈≈≈§................


You could see a lindwurm.

Vanquished Creatures
  Snorg (D:13)
  2 centaur warriors (D:14)
  Erica (D:10)
  A queen ant (Lair:3)
  2 dancing weapons (D:13)
  3 two-headed ogres
  5 skeletal warriors
  An unseen horror (D:13)
  The ghost of manchovi the Destroyer, a novice DEFE of Vehumet (D:7)
  3 lindwurms (Lair:2)
  Pikel (D:4)
  A deep elf mage (D:13)
  A cyclops (D:11)
  8 ugly things
  2 manticores (D:14)
  Maurice (D:13)
  A black mamba (Lair:3)
  A guardian serpent (D:14)
  3 spiny frogs
  6 komodo dragons
  2 rime drakes
  An efreet (D:14)
  2 tengu conjurers (D:14)
  A wolf spider simulacrum (D:13)
  A merfolk (D:12)
  A polar bear (Lair:3)
  A troll (D:14)
  A hornet (D:9)
  3 hippogriffs
  11 slime creatures
  The ghost of listentometal the Firebug, an amateur OpFE of Vehumet (D:6)
  2 centaur simulacra (D:14)
  A tarantella (shapeshifter) (D:14)
  Sigmund (D:5)
  A wyvern (D:11)
  19 yaks
  Eustachio (D:6)
  2 vampire mosquitoes (D:13)
  A basilisk (Lair:3)
  4 hungry ghosts
  8 soldier ants
  2 acid dragons (D:14)
  4 water moccasins
  8 porcupines
  3 black bears
  2 orc warriors
  2 ice beasts
  2 sky beasts
  4 phantoms
  A necrophage (D:9)
  10 ogres
  10 wolves (Lair:3)
  8 centaurs
  4 big kobolds
  A crocodile (Lair:1)
  8 gnoll sergeants (Bailey)
  15 bullfrogs
  A wyvern skeleton (D:11)
  10 killer bees
  15 scorpions
  29 wights
  3 electric eels (D:9)
  3 howler monkeys
  6 crimson imps
  2 centaur zombies (Ossuary)
  A quasit (D:5)
  7 centaur skeletons
  7 orc priests
  8 hounds
  4 orc wizards
  A bullfrog skeleton (D:6)
  A human zombie (Ossuary)
  Crazy Yiuf (D:2)
  4 jellies
  8 iguanas
  6 gnoll shamans (Bailey)
  Natasha (thrice) (D:2)
  30 worker ants
  3 big kobold zombies (Ossuary)
  4 hound skeletons
  A howler monkey zombie (D:8)
  4 mummies
  A worker ant zombie (D:5)
  19 gnolls
  16 adders
  3 shadow imps
  2 adder skeletons
  3 adder zombies
  4 worms
  3 dart slugs
  7 leopard geckos
  28 orcs
  11 bats
  5 giant cockroaches
  14 goblins
  6 hobgoblins
  7 jackals
  5 quokkas
  3 ball pythons
  A frilled lizard (D:2)
  2 gnoll zombies (Ossuary)
  3 goblin zombies
  4 hobgoblin zombies (Ossuary)
  23 kobolds
  A kobold zombie (Ossuary)
  A leopard gecko skeleton (D:9)
  3 orc zombies
  A quokka skeleton (D:5)
  A quokka zombie (D:7)
  7 rats
  3 fungi
  2 plants (Lair:2)
545 creatures vanquished.

Vanquished Creatures (collateral kills)
  An ugly thing (D:14)
1 creature vanquished.

Vanquished Creatures (others)
  An orc (D:9)
  3 fungi (Lair:3)
4 creatures vanquished.

Grand Total: 550 creatures vanquished

Notes
Turn   | Place    | Note
-------+----------+-------------------------------------------
     0 | D:1      | prawnwizard the Minotaur Berserker began the quest for the Orb.
     0 | D:1      | Reached XP level 1. HP: 19/19 MP: 0/0
   104 | D:1      | Reached XP level 2. HP: 7/27 MP: 1/1
   106 | D:1      | Reached skill level 4 in Axes
   106 | D:1      | HP: 2/40 [goblin (1)]
   608 | D:1      | Reached XP level 3. HP: 32/33 MP: 2/2
   812 | D:2      | Reached ** piety under Trog
  1015 | D:2      | Found a deep blue altar of Sif Muna.
  1198 | D:2      | Reached XP level 4. HP: 40/40 MP: 3/3
  1259 | D:2      | Reached skill level 5 in Axes
  1809 | D:2      | Reached XP level 5. HP: 40/47 MP: 4/4
  1825 | D:2      | Noticed Natasha
  1834 | D:2      | Killed Natasha
  1855 | D:2      | Found a runed door.
  1951 | D:2      | Noticed Natasha
  1960 | D:2      | Killed Natasha
  1989 | D:2      | Noticed Natasha
  1996 | D:2      | Killed Natasha
  2130 | D:2      | Noticed Crazy Yiuf
  2134 | D:2      | Killed Crazy Yiuf
  2267 | D:3      | Noticed a centaur
  2273 | D:3      | Reached *** piety under Trog
  2275 | D:3      | Killed a centaur
  2275 | D:3      | Reached skill level 6 in Axes
  2275 | D:3      | Reached XP level 6. HP: 41/55 MP: 5/5
  2481 | D:3      | Found a stormy altar of Qazlal.
  2784 | D:3      | Reached skill level 5 in Fighting
  2790 | D:3      | Found a basalt altar of Yredelemnul.
  2877 | D:3      | Found a bloodstained altar of Trog.
  3029 | D:4      | Noticed a slave
  3030 | D:4      | Noticed Pikel
  3031 | D:4      | Noticed a slave
  3033 | D:4      | Noticed a slave
  3035 | D:4      | Noticed a slave
  3041 | D:4      | Killed Pikel
  3041 | D:4      | Reached skill level 7 in Axes
  3041 | D:4      | Reached skill level 5 in Armour
  3041 | D:4      | Reached XP level 7. HP: 43/62 MP: 6/6
  3128 | D:4      | Found an iron altar of Okawaru.
  3268 | D:4      | Found an ornate altar of the Wu Jian Council.
  3281 | D:4      | Noticed an angel
  3282 | D:4      | Found a glowing silver altar of Zin.
  3370 | D:5      | Entered Level 5 of the Dungeon
  3497 | D:5      | Reached skill level 5 in Dodging
  3497 | D:5      | Reached XP level 8. HP: 70/70 MP: 7/7
  3501 | D:5      | Reached skill level 8 in Axes
  3533 | D:5      | Reached **** piety under Trog
  3739 | D:5      | Reached skill level 9 in Axes
  3822 | D:5      | Found a sacrificial altar of Ru.
  4113 | D:5      | Found a staircase to the Ecumenical Temple.
  4257 | D:5      | Noticed Sigmund
  4262 | D:5      | Killed Sigmund
  4354 | Temple   | Entered the Ecumenical Temple
  4613 | D:6      | Noticed listentometal's ghost (amateur OpFE)
  4627 | D:6      | Killed listentometal's ghost
  4778 | D:6      | Found a radiant altar of Vehumet.
  4789 | D:6      | Reached XP level 9. HP: 79/79 MP: 8/8
  4862 | D:6      | Reached skill level 10 in Axes
  5114 | D:6      | Noticed Eustachio
  5135 | D:6      | Killed Eustachio
  5497 | D:7      | Got a spiked ring mail
  5508 | D:7      | Identified the +4 ring mail of Fanaticism {Regen+ Str+3 SInv} (You found it on level 7 of the Dungeon)
  5531 | D:7      | Reached skill level 11 in Axes
  5543 | D:7      | Reached ***** piety under Trog
  5655 | D:7      | Noticed manchovi's ghost (novice DEFE)
  5656 | D:7      | Found a sparkling altar of Nemelex Xobeh.
  5656 | D:7      | Found a stormy altar of Qazlal.
  5666 | D:7      | Killed manchovi's ghost
  5666 | D:7      | Reached XP level 10. HP: 73/90 MP: 9/9
  5887 | D:7      | Found an opulent altar of Gozag.
  6347 | D:8      | Found a shimmering altar of Xom.
  6514 | D:8      | Reached skill level 12 in Axes
  6560 | D:8      | Found a sand-covered staircase.
  6565 | Ossuary  | Entered an ossuary
  6875 | D:8      | Noticed a two-headed ogre
  6882 | D:8      | Killed a two-headed ogre
  6939 | D:8      | Found a staircase to the Lair.
  7262 | D:9      | Received a gift from Trog
  7924 | D:9      | Received a gift from Trog
  7925 | D:9      | Noticed a two-headed ogre
  7931 | D:9      | Killed a two-headed ogre
  7931 | D:9      | Reached skill level 13 in Axes
  7931 | D:9      | Reached XP level 11. HP: 99/99 MP: 10/10
  8001 | D:9      | Found a hazy altar of Hepliaklqana.
  8114 | D:9      | Reached skill level 10 in Fighting
  8134 | D:9      | Found a glowing golden altar of the Shining One.
  8422 | D:9      | Paralysed by a hornet for 3 turns
  8491 | D:10     | Entered Level 10 of the Dungeon
  8504 | D:10     | Noticed a two-headed ogre
  8505 | D:10     | Noticed Erica
  8514 | D:10     | Killed Erica
  8515 | D:10     | Killed a two-headed ogre
  8669 | D:10     | Reached skill level 10 in Armour
  9194 | D:11     | Found a staircase to the Orcish Mines.
  9228 | D:11     | Reached ****** piety under Trog
  9490 | D:11     | Received a gift from Trog
  9490 | D:11     | Reached skill level 14 in Axes
  9805 | D:12     | Noticed a green ugly thing
  9813 | D:12     | Killed a green ugly thing
  9853 | D:12     | Noticed a red ugly thing
  9862 | D:12     | Killed a red ugly thing
 10159 | D:12     | Reached XP level 12. HP: 92/110 MP: 3/11
 10661 | D:13     | Reached skill level 10 in Dodging
 10799 | D:13     | Noticed Maurice
 10807 | D:13     | Killed Maurice
 10858 | D:13     | Noticed Snorg
 10864 | D:13     | Killed Snorg
 10864 | D:13     | Reached skill level 15 in Axes
 11030 | D:13     | Found a gate to the Vaults.
 11247 | D:14     | Found a flagged portal.
 11273 | D:14     | Received a gift from Trog
 11407 | D:14     | Reached skill level 16 in Axes
 11473 | Bailey   | Entered a bailey
 11864 | Bailey   | Got an ancient mace
 11867 | Bailey   | Got a crystal whip
 11869 | Bailey   | Identified the +6 mace "Imaurrar" {crush, rElec rC++} (You found it in a bailey)
 11870 | Bailey   | Identified the cursed +1 whip "Wugrob" {slash, Str+4} (You found it in a bailey)
 12032 | D:14     | Reached XP level 13. HP: 92/118 MP: 4/12
 12111 | D:14     | Received a gift from Trog
 12747 | D:15     | Entered Level 15 of the Dungeon
 12995 | Lair:1   | Entered Level 1 of the Lair of Beasts
 13766 | Lair:2   | Reached skill level 17 in Axes
 13938 | Lair:2   | Received a gift from Trog
 14788 | Lair:3   | Received a gift from Trog
 15337 | Lair:2   | HP: 4/183 [lindwurm/blast of flame (21)]
 15339 | Lair:2   | Mangled by a lindwurm

Skill      XL: |  1  2  3  4  5  6  7  8  9 10 11 12 13 |
---------------+----------------------------------------+-----
Axes           | 4 5 6 7 9 11 13 14 16 17 | 17.6
Fighting       | 4 5 6 7 8 9 11 12 13 | 13.3
Armour         | 3 4 5 6 8 9 10 11 13 | 13.0
Dodging        | 3 4 5 6 7 8 9 11 12 | 12.0

Action                   |  1- 3 |  4- 6 |  7- 9 | 10-12 | 13-15 || total
-------------------------+-------+-------+-------+-------+-------++-------
Melee: Hand axe          |    80 |       |       |       |       ||    80
       Headbutt          |     6 |    17 |    49 |    93 |    56 ||   221
       War axe           |    10 |   104 |   241 |   177 |       ||   532
       Executioner's axe |       |       |       |   313 |   233 ||   546
Invok: Berserk           |     1 |       |     2 |     4 |     4 ||    11
       Burn Spellbooks   |       |       |       |     1 |     1 ||     2
       Trog's Hand       |       |       |       |     1 |       ||     1
       Brothers in Arms  |       |       |       |     1 |       ||     1
  Use: Scroll            |       |       |    16 |     1 |     2 ||    19
       Potion            |       |       |       |       |     1 ||     1
 Stab: Paralysed         |       |       |     1 |       |       ||     1
  Eat: Chunk             |     2 |     6 |    10 |    17 |    13 ||    48
       Ration            |       |       |       |     4 |       ||     4
Armor: Animal skin       |     5 |       |       |       |       ||     5
       Plate armour      |    58 |    70 |   123 |       |       ||   251
       Ring mail         |       |       |    14 |   174 |   133 ||   321
Dodge: Dodged            |    41 |    36 |   107 |   410 |   232 ||   826
